Map: Ruby Rock LE

Players

Proxyimba - Winner!

  • Race: Protoss Protoss
  • League: Grandmaster
  • Spawn Location: 11:00

VOD

Have the link to the VOD?

Description

Time

  • Played on: Nov. 26, 2025, 12:22 p.m.
  • Length: 4:54
Show
View Real Time Build Order
Export as new Build Order

Proxyimba Protoss - Winner!

Build Orders: 1 Gate Expand 

Get SALT Encoding   

  12  0:02  Probe  
  12  0:15  Probe  
  12  0:17  Pylon  
  12  0:26  Probe  
  12  0:34  Probe  
  12  0:35  Gateway  
  12  0:43  Probe  
  12  0:44  Assimilator  
  12  0:54  Probe  
  12  1:06  Probe  
  12  1:18  Probe  
  12  1:25  Cybernetics Core  
  12  1:34  Nexus  
  12  1:39  Probe  
  12  1:43  Assimilator  
  12  1:52  Pylon, Probe  
  12  2:01  Adept  
  12  2:04  Probe  
  12  2:05  Warp Gate  
  12  2:17  Pylon  
  12  2:23  Twilight Council  
  12  2:26  Probe  
  12  2:39  Probe  
  12  2:46  Probe  
  12  2:49  Charge  
  12  2:51  Probe  
  12  2:54  Pylon  
  12  2:58  Probe  
  12  3:05  Probe  
  12  3:10  Probe  
  12  3:12  Robotics Facility  
  12  3:14  Gateway  
  12  3:17  Probe  
  12  3:23  Gateway  
  12  3:27  Probe  
  12  3:36  Gateway  
  12  3:37  Gateway  
  12  3:42  Gateway  
  12  3:49  Warp Prism  
  12  3:50  Probe  
  12  4:05  Zealot  
  12  4:08  Zealot  
  12  4:11  Probe  
  12  4:18  Zealot  
  12  4:29  Pylon  
  12  4:36  Zealot x4  
  12  4:39  Zealot  
  12  4:41  Zealot  
Tags
 
Add a new tag
Caveats
  • Supply blocks, unpowered buildings, or Contaminate may cause inaccurate times.
  • Supply counts are checked every 10 seconds.